 Dungeon Crawl Stone Soup version 0.16-a0-212-g3ed950e (webtiles) character file.

6035 Crauler the Transmogrifier (level 10, -3/76 HPs)
             Began as a Demonspawn Transmuter on Aug 17, 2014.
             Was an Elder of Makhleb.
             Slain by Urug
             ... wielding a +0 dire flail of protection
              (24 damage)
             ... on Level 10 of the Dungeon on Aug 18, 2014.
             The game lasted 00:43:01 (11059 turns).

Crauler the Transmogrifier (Demonspawn Transmuter) Turns: 11059, Time: 00:43:01

HP  -3/76        AC  9     Str 10      XL: 10   Next: 56%
MP   0/22        EV 15     Int 18      God: Makhleb [****..]
Gold 618         SH  0     Dex 20      Spells:  3 memorised, 10 levels left

rFire  . . .     SeeInvis .       - Unarmed
rCold  . . .     Clarity  .     D - +2 animal skin
rNeg   . . .     rCorr    .     (shield currently unavailable)
rPois  .         rRot     .     q - +2 hat
rElec  .         Spirit   +     (no cloak)
SustAb .         Warding  .     (gloves currently unavailable)
rMut   +         Stasis   .     (no boots)
Gourm  .                        m - amulet of resist mutation
MR     .....                    r - +2 ring of intelligence
                                o - cursed +2 ring of dexterity

@: blade hands, very slightly contaminated, not resistant to hostile
enchantments, unstealthy
A: hooves 1, molten scales 2, clever 1, magic shield, magic regeneration
a: End Transformation, Minor Destruction, Lesser Servant of Makhleb, Major
Destruction, Renounce Religion


You were on level 10 of the Dungeon.
You worshipped Makhleb.
Makhleb was greatly pleased with you.
You were hungry.
Your hands were blades.
You visited 2 branches of the dungeon, and saw 11 of its levels.
You also visited: Ossuary.

You collected 739 gold pieces.
You spent 121 gold pieces at shops.

Inventory:

Armour
 b - a cursed -1 buckler
 q - a +2 hat (worn)
 w - a cursed +0 shield
 D - a +2 animal skin (worn)
Magical devices
 c - a wand of disintegration (11)
 s - a wand of draining (5)
 C - a wand of teleportation (0)
Comestibles
 a - 12 bread rations
 f - a chunk of adder flesh
 h - 3 slices of pizza
 p - 5 meat rations
 t - 12 fruits
 B - a royal jelly
Scrolls
 g - 6 scrolls of remove curse
 k - 7 scrolls of teleportation
 l - 7 scrolls of identify
 x - a scroll of vulnerability
Jewellery
 j - an uncursed ring of ice
 m - an amulet of resist mutation (around neck)
 o - a cursed +2 ring of dexterity (left scythe-like blade)
 r - a +2 ring of intelligence (right scythe-like blade)
 A - a cursed ring of teleportation {unknown}
 E - a cursed amulet of inaccuracy {unknown}
Potions
 e - a potion of might
 i - 3 potions of brilliance
 n - 2 potions of haste
 u - a potion of degeneration {unknown}
 v - 6 potions of curing
 z - a potion of agility {unknown}
Books
 d - a book of Changes

   Spells                             Type                      Level
   *Beastly Appendage                 Transmutation                1
   Sticks to Snakes                   Transmutation                2
   *Spider Form                       Transmutation/Poison         3
   Ice Form                           Ice/Transmutation            4
   *Blade Hands                       Transmutation                5


   Skills:
 - Level 6.0 Fighting
 - Level 5.5 Dodging
 - Level 8.2 Unarmed Combat
 - Level 5.2 Spellcasting
 * Level 8.4 Transmutations
 - Level 3.5 Invocations


You had 10 spell levels left.
You knew the following spells:

 Your Spells              Type           Power        Failure   Level  Hunger
a - Beastly Appendage     Trmt           #####.       12%         1    None
b - Spider Form           Trmt/Pois      ###.......   45%         3    ###....
c - Blade Hands           Trmt           #####.....   54%         5    #####..


Dungeon Overview and Level Annotations

Branches:
Dungeon (10/15)            Temple (1/1) D:4            Lair (0/8) D:8
    Orc: D:9-12

Altars:
Ashenzari
Cheibriados
Dithmenos
Elyvilon
Fedhas
Gozag
Kikubaaqudgha
Makhleb
Nemelex Xobeh
Okawaru
Qazlal
Sif Muna
Trog
Vehumet
Xom
Yredelemnul
Zin
The Shining One

Shops:
D:5 *   D:6 !   D:7 *

Annotations:
D:7 need stasis and desinteg
D:10 Urug


Innate Abilities, Weirdness & Mutations

You have large cloven feet.
You are mostly covered in molten scales (AC +3, EV -1).
When hurt, damage is shared between your health and your magic reserves.
You regenerate magic rapidly.
Your mind is acute. (Int +2)


Message History

Your hands turn into razor-sharp scythe blades.
The ice beast misses you.
You hit the ice beast. You slash the ice beast.
The ice beast is heavily wounded.
The ice beast misses you.
You slice the ice beast!!
You kill the ice beast!
Makhleb accepts your kill.
You feel a little better.
Urug throws a javelin of returning.
The javelin of returning hits you!! Urug misses you.
You slice Urug!! Your kick misses Urug.
Urug is heavily wounded.
You are feeling hungry.
Urug hits you with a runed dire flail!!
* * * LOW HITPOINT WARNING * * *
You slash Urug! Your kick misses Urug.
Urug is severely wounded.
Urug hits you with a runed dire flail!!
You die...

#.. ##.....###..# .
#.....##...#
##.........#
#.........## #........##
#### ###.........# ##..#
###...###.....#####..##
..#.... #.......##...##
........###@..........##
..........o......?...##
.......(.............#
####................#
##..............>##
#....#....####...#
#..######## ##..# #.#
#..# #. #.##


You could see Urug.

Vanquished Creatures
  Joseph (D:7)
  A komodo dragon (D:8)
  2 trolls
  Prince Ribbit (D:9)
  A spriggan (D:7)
  Eustachio (D:7)
  Grum (D:9)
  2 wolves (D:9)
  A deep elf fighter (D:7)
  A sky beast (D:9)
  5 orc warriors
  A black bear (D:8)
  3 ice beasts
  2 centaurs
  3 ogres
  A giant frog (D:7)
  Blork the orc (D:9)
  2 elf zombies (Ossuary)
  2 gnoll sergeants
  4 scorpions
  A water moccasin skeleton (D:9)
  4 killer bees (D:9)
  5 wights
  4 crimson imps
  A goliath beetle (D:7)
  2 giant frog zombies
  4 hounds
  3 jellies
  4 iguanas
  5 orc priests
  A human zombie (Ossuary)
  2 quasits
  An iron imp (D:5)
  5 orc wizards
  9 worker ants
  Natasha (thrice) (D:5)
  Ijyb (D:2)
  2 big kobold zombies (Ossuary)
  A hound zombie (D:10)
  2 mummies (Ossuary)
  2 hound skeletons
  A worker ant zombie (D:6)
  12 adders
  6 gnolls
  A shadow imp (D:6)
  3 worms
  A giant mite (D:5)
  An iguana zombie (D:5)
  4 giant geckos
  An ooze (D:7)
  31 orcs
  10 bats
  8 giant cockroaches
  A gnoll zombie (Ossuary)
  17 goblins
  14 hobgoblins
  7 jackals
  11 kobolds
  5 quokkas
  6 giant newts
  3 goblin zombies (Ossuary)
  A hobgoblin skeleton (D:7)
  3 hobgoblin zombies (Ossuary)
  A jackal skeleton (D:4)
  An orc skeleton (D:4)
  2 orc zombies (Ossuary)
  12 rats
  A rat skeleton (D:6)
  A plant (D:8)
263 creatures vanquished.

Vanquished Creatures (others)
  A plant (D:8)
1 creature vanquished.

Grand Total: 264 creatures vanquished

Notes
Turn   | Place    | Note
--------------------------------------------------------------
     0 | D:1      | Crauler, the Demonspawn Transmuter, began the quest for the Orb.
     0 | D:1      | Reached XP level 1. HP: 15/15 MP: 3/3
   148 | D:1      | Gained mutation: When hurt, damage is shared between your health and your magic reserves. [demonic ancestry]
   148 | D:1      | Reached XP level 2. HP: 12/21 MP: 4/4
   712 | D:2      | Reached skill level 3 in Unarmed Combat
   712 | D:2      | Reached XP level 3. HP: 26/26 MP: 6/6
   725 | D:2      | Learned a level 3 spell: Spider Form
   759 | D:2      | Found a glowing golden altar of the Shining One.
   879 | D:2      | Noticed Ijyb
   895 | D:2      | Killed Ijyb
  1195 | D:2      | Found a sparkling altar of Nemelex Xobeh.
  1531 | D:2      | Reached XP level 4. HP: 7/33 MP: 2/8
  2984 | D:4      | Reached XP level 5. HP: 32/38 MP: 2/9
  3127 | D:4      | Gained mutation: Your mind is acute. (Int +2) [potion of beneficial mutation]
  3140 | D:4      | Learned a level 5 spell: Blade Hands
  3790 | D:4      | Reached skill level 4 in Unarmed Combat
  3937 | D:4      | Noticed an ogre
  3958 | D:4      | Killed an ogre
  3958 | D:4      | Gained mutation: You regenerate magic rapidly. [demonic ancestry]
  3958 | D:4      | Reached XP level 6. HP: 25/45 MP: 5/13
  4482 | D:4      | Found a staircase to the Ecumenical Temple.
  4497 | Temple   | Entered the Ecumenical Temple
  4716 | D:5      | Entered Level 5 of the Dungeon
  4717 | D:5      | Found a shattered altar of Ashenzari.
  4722 | D:5      | Gained mutation: You are partially covered in molten scales (AC +1). [demonic ancestry]
  4722 | D:5      | Reached XP level 7. HP: 45/51 MP: 11/15
  4990 | D:5      | Found a burning altar of Makhleb.
  4991 | D:5      | Found an ancient bone altar of Kikubaaqudgha.
  4991 | D:5      | Found a blossoming altar of Fedhas.
  5020 | D:5      | Became a worshipper of Makhleb the Destroyer
  5140 | D:5      | Noticed Natasha
  5159 | D:5      | Killed Natasha
  5295 | D:5      | Upgraded the game from 0.16-a0-148-g3b84123 to 0.16-a0-212-g3ed950e
  5403 | D:5      | Noticed Natasha
  5408 | D:5      | Killed Natasha
  5540 | D:5      | Noticed Natasha
  5547 | D:5      | Killed Natasha
  5789 | D:5      | Found Hitifoih's Assorted Antiques.
  5792 | D:5      | Bought a scroll labeled SUEBRA FEMEA for 28 gold pieces
  5794 | D:5      | Bought a scroll labeled JONWARGHADOE for 28 gold pieces
  5896 | D:6      | Reached skill level 5 in Unarmed Combat
  5902 | D:6      | Acquired Makhleb's first power
  6097 | D:6      | Found a radiant altar of Vehumet.
  6186 | D:6      | Gained mutation: You are mostly covered in molten scales (AC +3, EV -1). [demonic ancestry]
  6186 | D:6      | Reached XP level 8. HP: 35/58 MP: 10/18
  6432 | D:6      | Reached skill level 5 in Transmutations
  6563 | D:6      | Found Razyacae's Distillery.
  6567 | D:6      | Bought a potion of curing for 26 gold pieces
  6567 | D:6      | Bought a potion of curing for 26 gold pieces
  6567 | D:6      | Bought a potion of poison for 13 gold pieces
  6892 | D:7      | Found Cyipnot's Assorted Antiques.
  6960 | D:7      | Noticed Joseph
  6986 | D:7      | Killed Joseph
  6986 | D:7      | Reached skill level 6 in Unarmed Combat
  7538 | D:7      | Noticed Eustachio
  7554 | D:7      | Killed Eustachio
  7554 | D:7      | Gained mutation: You have large cloven feet. [demonic ancestry]
  7554 | D:7      | Reached XP level 9. HP: 59/66 MP: 16/20
  7664 | D:7      | Acquired Makhleb's second power
  8297 | D:8      | Found a sand-covered staircase.
  8306 | Ossuary  | Entered an ossuary
  8465 | Ossuary  | Reached skill level 5 in Spellcasting
  8590 | D:8      | Reached skill level 5 in Fighting
  8590 | D:8      | Reached skill level 7 in Unarmed Combat
  8646 | D:8      | Found a staircase to the Lair.
  8647 | D:8      | Noticed a komodo dragon
  8757 | D:8      | Acquired Makhleb's third power
  8898 | D:8      | Reached skill level 5 in Dodging
  8898 | D:8      | Reached skill level 1 in Invocations
  8963 | D:8      | Killed a komodo dragon
  9007 | D:8      | Reached XP level 10. HP: 71/74 MP: 22/22
  9520 | D:8      | Acquired Makhleb's fourth power
  9836 | D:9      | Noticed Grum
  9853 | D:9      | Killed Grum
  9865 | D:9      | Reached skill level 8 in Unarmed Combat
 10293 | D:9      | Noticed Prince Ribbit
 10299 | D:9      | Killed Prince Ribbit
 10355 | D:9      | Noticed Blork the orc
 10364 | D:9      | Killed Blork the orc
 10910 | D:10     | Entered Level 10 of the Dungeon
 11043 | D:10     | Noticed Urug
 11059 | D:10     | Slain by Urug

Action                   |  1- 3 |  4- 6 |  7- 9 | 10-12 || total
-------------------------+-------+-------+-------+-------++-------
Melee: Unarmed           |   145 |   247 |   607 |   242 ||  1241
 Cast: Spider Form       |     1 |    15 |    25 |    10 ||    51
       Beastly Appendage |       |     1 |       |       ||     1
       Blade Hands       |       |       |     2 |     2 ||     4
 Abil: End Transformatio |       |     1 |     2 |     3 ||     6
Evoke: Wand              |       |       |     3 |     3 ||     6
  Use: Potion            |       |     4 |     4 |       ||     8
       Scroll            |       |     3 |     8 |     2 ||    13
 Stab: Sleeping          |     1 |     2 |     1 |     2 ||     6
  Eat: Chunk             |     2 |    12 |    19 |     6 ||    39
       Beef jerky        |       |       |       |     1 ||     1
